 Dungeon Crawl Stone Soup version 0.18.1-48-g4cf74bf (webtiles) character file.

780 Heedrag the Destroyer (level 7, 0/36 HPs)
             Began as a Deep Elf Conjurer on July 29, 2016.
             Slain by a sky beast (5 damage)
             ... on level 5 of the Dungeon.
             The game lasted 00:08:23 (3451 turns).

Heedrag the Destroyer (Deep Elf Conjurer)           Turns: 3451, Time: 00:08:25

Health: 0/36       AC:  3    Str:  7    XL:     7   Next: 55%
Magic:  3/19       EV: 13    Int: 20    God:
Gold:   156        SH:  0    Dex: 15    Spells: 4 memorised, 6 levels left

rFire  . . .     SeeInvis .     t - +2 falchion (holy)
rCold  . . .     Gourm    .     a - +0 robe
rNeg   + . .     Faith    .     (no shield)
rPois  .         Spirit   .     (no helmet)
rElec  .         Dismiss  .     j - +0 cloak
rCorr  .         Reflect  .     (no gloves)
SustAt .         Harm     .     (no boots)
MR     .....                    h - amulet of rage
Stlth  +++.......               i - ring of positive energy
                                e - ring of stealth (curse)

@: very slightly contaminated, not resistant to hostile enchantments, fairly
stealthy
A: no striking features
a: Evoke Berserk Rage


You were on level 5 of the Dungeon.
You were hungry.

You visited 1 branch of the dungeon, and saw 5 of its levels.

You collected 156 gold pieces.

Inventory:

Hand Weapons
 q - a +0 dagger of holy wrath
 t - a +2 falchion of holy wrath (weapon)
Armour
 a - a +0 robe (worn)
 j - a +0 cloak (worn)
Jewellery
 e - a cursed ring of stealth (left hand)
 h - an amulet of rage (around neck)
 i - a ring of positive energy (right hand)
Wands
 s - a wand of slowing (24/48)
 w - a wand of slowing (28/48)
Scrolls
 d - a scroll of amnesia {unknown}
 g - a scroll of blinking {unknown}
 k - 6 scrolls of identify {unknown}
 p - 3 scrolls of teleportation {unknown}
 r - 3 scrolls of remove curse {unknown}
Potions
 n - 7 potions of curing {unknown}
 o - a potion of invisibility {unknown}
 u - a potion of heal wounds {unknown}
Books
 b - a book of Conjurations

   Spells                             Type                      Level
   a - Magic Dart                     Conjuration                  1
   b - Searing Ray                    Conjuration                  2
   c - Dazzling Spray                 Conjuration/Hexes            3
   d - Fulminant Prism                Conjuration/Hexes            4
   e - Iskenderun's Mystic Blast      Conjuration                  4
   f - Iskenderun's Battlesphere      Conjuration/Charms           5
Comestibles
 c - 4 bread rations
 f - a meat ration
 l - 4 fruits
 v - a slice of pizza


   Skills:
 - Level 2.4 Dodging
 - Level 2.4 Stealth
 + Level 6.8 Spellcasting
 * Level 8.2 Conjurations
 + Level 4.0 Charms


You had 6 spell levels left.
You knew the following spells:

 Your Spells              Type           Power        Failure   Level  Hunger
a - Magic Dart            Conj           ####         1%          1    None
b - Dazzling Spray        Conj/Hex       ###...       8%          3    #......
c - Iskenderun's Mystic   Conj           #####...     4%          4    ###....
d - Iskenderun's Battles  Conj/Chrm      ####....     24%         5    #####..


Dungeon Overview and Level Annotations

Branches:
Dungeon (5/15)             Temple (0/1) D:5

Altars:
Ashenzari
Nemelex Xobeh
Yredelemnul

Annotations:
D:2 Sigmund
D:4 Dowan, Duvessa, Eustachio


Message History

Tha sky beast be heavily wounded.
Tha sky beast hits ye.
Tha sky beast shocks ye.
Tha sky beast hits ye.
Tha sky beast shocks ye.
* * * LOW HITPOINT WARNIN'
* * * Ye completely miss tha sky beast.
Tha sky beast be heavily wounded.
Tha sky beast completely misses ye.
Castin': Iskenderun's Battlesphere Confirm wit' . or Enter, or press ? or * ta list all spells.
Aimin': Dazzlin' Spray
Press: ? - help, Shift-Dir - straight line, f/p - sky beast
Aim: a sky beast (heavily wounded) Tha spray o' energy hits tha sky beast.
Tha sky beast be severely wounded.
Tha sky beast be dazzled.
Tha sky beast flickers outta sight!
Deactivatin' autopickup; reactivate wit' Ctrl-A.
Somethin' hits ye.
* * * LOW HITPOINT WARNIN'
* * * Somethin' shocks ye.
Ye die...

##.<....##.....
.....
#........#.##..
#...# #.##....#.# ..
#...# ##.....#.#.# <
#...###.8.#......# #
#...##.....###.###
#...##8.>.8###.#
#.##...##..........
#....{@.#.8.#.##.#.
##.#.##.#.###.##....
#.. ....# .#### .#
#.####.#.# .# .# #.#
...... . #.. ..#.##$
... .##.# # .. #.


There were no monsters in sight!

Vanquished Creatures
  The ghost of Heedrag the Conjurer, an amateur DECj (D:4)
  A hippogriff (D:4)
  An ogre (D:4)
  A giant frog (D:3)
  2 crimson imps
  A centaur skeleton (D:5)
  Ijyb (D:3)
  3 orc wizards (D:4)
  A worker ant (D:4)
  4 adders
  A shadow imp (D:3)
  3 adder skeletons (D:4)
  4 worms
  3 dart slugs
  2 giant geckos
  7 orcs
  9 bats
  2 giant cockroaches (D:1)
  7 goblins
  3 hobgoblins
  2 jackals (D:2)
  5 kobolds
  A quokka (D:4)
  A ball python (D:2)
  8 giant newts
  A jackal skeleton (D:4)
  8 rats
83 creatures vanquished.

Notes
Turn   | Place    | Note
--------------------------------------------------------------
     0 | D:1      | Heedrag the Deep Elf Conjurer began the quest for the Orb.
     0 | D:1      | Reached XP level 1. HP: 10/10 MP: 6/6
   274 | D:1      | Reached XP level 2. HP: 15/15 MP: 4/8
   439 | D:1      | Reached skill level 5 in Conjurations
   724 | D:2      | Reached XP level 3. HP: 19/19 MP: 8/10
   729 | D:2      | Learned a level 3 spell: Dazzling Spray
   752 | D:2      | Found a sparkling altar of Nemelex Xobeh.
   762 | D:2      | Found a faded altar to an unknown god.
  1186 | D:2      | Noticed Sigmund
  1344 | D:3      | Noticed a giant frog
  1350 | D:3      | Killed a giant frog
  1350 | D:3      | Reached skill level 6 in Conjurations
  1350 | D:3      | Reached XP level 4. HP: 4/24 MP: 2/12
  1358 | D:3      | Learned a level 4 spell: Iskenderun's Mystic Blast
  1475 | D:3      | Found a shattered altar of Ashenzari.
  1490 | D:3      | Noticed Ijyb
  1498 | D:3      | Killed Ijyb
  1498 | D:3      | Reached XP level 5. HP: 16/28 MP: 4/14
  1589 | D:3      | Reached skill level 5 in Spellcasting
  1959 | D:3      | Learned a level 5 spell: Iskenderun's Battlesphere
  1969 | D:4      | Noticed Eustachio
  2447 | D:4      | Noticed Heedrag's ghost (amateur DECj)
  2454 | D:4      | Killed Heedrag's ghost
  2454 | D:4      | Reached skill level 7 in Conjurations
  2454 | D:4      | Reached XP level 6. HP: 21/32 MP: 3/16
  2760 | D:4      | Noticed a hippogriff
  2766 | D:4      | Killed a hippogriff
  2766 | D:4      | Reached XP level 7. HP: 28/36 MP: 6/18
  3020 | D:4      | Reached skill level 8 in Conjurations
  3084 | D:4      | Noticed Dowan
  3116 | D:4      | Noticed Duvessa
  3197 | D:4      | Found a basalt altar of Yredelemnul.
  3357 | D:5      | Entered Level 5 of the Dungeon
  3392 | D:5      | Found a staircase to the Ecumenical Temple.
  3451 | D:5      | Slain by a sky beast

Skill      XL: |  1  2  3  4  5  6  7 |
---------------+----------------------+-----
Conjurations   | 5 6 7 8 |  8.2
Spellcasting   | 4 5 6 |  6.8
Charms         | 2 3 4 |  4.0
Dodging        | |  2.4
Stealth        | |  2.4

Action                   |  1- 3 |  4- 6 |  7- 9 || total
-------------------------+-------+-------+-------++-------
Melee: Dagger            |     8 |     2 |       ||    10
       Falchion          |       |       |     9 ||     9
 Cast: Magic Dart        |    89 |    94 |    61 ||   244
       Dazzling Spray    |       |     4 |     2 ||     6
       Iskenderun's Myst |       |     1 |       ||     1
       Iskenderun's Batt |       |     1 |       ||     1
  Eat: Chunk             |     1 |     3 |     2 ||     6
       Beef jerky        |       |     1 |       ||     1
Armor: Robe              |     3 |     8 |     1 ||    12
Dodge: Dodged            |    14 |    17 |    13 ||    44
